 Dungeon Sprint DCSS version 0.30.0-5-g1a98f26d00 (webtiles) character file.

Game seed: 9492686582170246441

15908 Groucho the Spry (level 12, -4/72 HPs)
             Began as a Spriggan Hunter on May 12, 2023.
             Was the Champion of Qazlal.
             Slain by an alligator snapping turtle (46 damage)
             ... in the Dungeon (Sprint III: "The Ten Rune Challenge").
             The game lasted 00:13:41 (6889 turns).

Groucho the Spry (Spriggan Hunter)                  Turns: 6889, Time: 00:13:42

Health: -4/72      AC:  5    Str:  7    XL:     12   Next: 5%
Magic:  8/25       EV: 36    Int: 11    God:    Qazlal [******]
Gold:   2747       SH:  8    Dex: 23    Spells: 11/11 levels left

rFire   . . .        a - +1 shortbow (freeze)
rCold   . . .        (shield currently unavailable)
rNeg    . . .        c - +0 robe
rPois   .            (helmet restricted)
rElec   .            (no cloak)
rCorr   .            (gloves unavailable)
SInv    +            (boots unavailable)
Will    ++...        (no amulet)
Stlth   +            (no ring)
HPRegen 0.32/turn    (no ring)
MPRegen 0.19/turn

%: no teleportation, repel missiles
@: protected from physical damage, very quick
A: very small, no large weapons, unfitting armour, see invisible, speed 3
a: Renounce Religion, Upheaval, Elemental Force, Disaster Area


You were in the Dungeon.
You worshipped Qazlal.
Qazlal was exalted by your worship.
You visited 1 branch You collected 2917 gold pieces.
You spent 170 gold pieces at shops.

Inventory:

Hand Weapons
 a - a +1 shortbow of freezing (weapon)
 v - the +27 heavy crossbow "Sniper" {heavy, Acc+∞ SInv}
   (You found it in the Dungeon)

   Acc+∞: It never misses its target.
   SInv:      It lets you see invisible.
Armour
 c - a +0 robe (worn)
Jewellery
 s - a ring of fire
 u - a ring of protection from cold
Wands
 e - a wand of flame (18)
 o - a wand of quicksilver (23)
Scrolls
 b - 2 scrolls of immolation
 i - a scroll of blinking
 m - 5 scrolls of identify
 p - a scroll of amnesia {unknown}
 r - a scroll of poison {unknown}
Potions
 d - 2 potions of curing
 f - a potion of haste
 g - 2 potions of magic
 h - 3 potions of berserk rage
 j - a potion of might
 k - 5 potions of mutation {unknown}
 l - 2 potions of heal wounds
 n - 3 potions of flight
 q - a potion of degeneration {unknown}
 t - a potion of resistance {unknown}


   Skills:
 + Level 12.4 Fighting
 + Level 16.5 Ranged Weapons
 + Level 18.5 Dodging
 - Level 1.5 Stealth
 * Level 17.3 Invocations


You had 11 spell levels left.
You didn't know any spells.
Your spell library contained the following spells:

 Spells                   Type           Power      Damage    Failure   Level
 Sting                    Tmut/Pois      0%         1d3       34%         1
 Poisonous Vapours        Pois/Air       0%         N/A       47%         2
 Ozocubu's Armour         Ice            0%         N/A       71%         3
 Olgreb's Toxic Radiance  Pois           0%         N/A       98%         4
 Petrify                  Tmut/Erth      0%         N/A       98%         4
 Metabolic Englaciation   Hex/Ice        0%         N/A       100%        5
 Statue Form              Tmut/Erth      0%         N/A       100%        6
 Ozocubu's Refrigeration  Ice            0%         4d7       100%        7


Dungeon Overview and Level Annotations

Branches:
Dungeon (1/1)

Altars:
Cheibriados
Dithmenos
Elyvilon
Fedhas
Gozag
Hepliaklqana
Kikubaaqudgha
Makhleb
Nemelex Xobeh
Okawaru
Qazlal
Ru
Sif Muna
Trog
Uskayaw
Vehumet
Wu Jian
Xom
Yredelemnul
Zin
The Shining One
Jiyva
Lugonu

Shops:
D ?


Innate Abilities, Weirdness & Mutations

You are very small and have problems with some larger weapons.
You are too small for most types of armour.
You have supernaturally acute eyesight. (SInv)
You cover ground extremely quickly. (Speed+++)


Message History

The blast of rubble hits the snapping turtle!!!
You kill the snapping turtle!
Qazlal accepts your kill.
The blast of rubble hits the alligator snapping turtle!
The alligator snapping turtle is lightly wounded.
The alligator snapping turtle is no longer encased in ice.
The alligator snapping turtle bites you from afar!!
Unknown command.
Aiming: Upheaval
Press: ? - help, Dir - move target, f - alligator snapping turtle
Aim: an alligator snapping turtle (steam, water, lightly wounded)
A storm cloud blasts the area with cutting wind!
The cutting wind hits the alligator snapping turtle!!!
The alligator snapping turtle is almost dead.
The cutting wind hits the alligator snapping turtle!!
The alligator snapping turtle is moderately wounded.
The cutting wind hits the alligator snapping turtle!!!
The alligator snapping turtle is almost dead.
The alligator snapping turtle is no longer encased in ice.
The alligator snapping turtle is engulfed in a cloud of scalding steam.
The alligator snapping turtle completely misses you.
The alligator snapping turtle is engulfed in a cloud of scalding steam.
The alligator snapping turtle bites you from afar.
You feel protected from physical attacks.
Unknown command.
Aiming: Upheaval
Press: ? - help, Dir - move target, f/p - alligator snapping turtle
Aim: an alligator snapping turtle (steam, water, moderately wounded) Magma suddenly erupts from the ground!
The blast of magma engulfs the alligator snapping turtle!
The alligator snapping turtle is heavily wounded.
The blast of magma engulfs the alligator snapping turtle!!
You kill the alligator snapping turtle!
Qazlal accepts your kill.
The blast of magma engulfs the alligator snapping turtle!!!
You kill the alligator snapping turtle!
Qazlal accepts your kill.
The alligator snapping turtle bites you from afar!!!
Ouch! That really hurt!
You die...

###'♣♣♣♣♣♣♣♣♣♣♣♣♣♣♣♣♣#
♣♣♣♣.##..##~~~~~≈..#[.#
♣...##.##.#~~~~≈...#).#
♣♣.##.##.##'~~~≈≈####○#
♣..#.##)..#~~.....○.§#
♣♣.##.##..#≈..'#######
♣♣.##.#####...#..)(..#
♣...†.##..†...#♣♣♣(_.#
########@#############
▓§§........PP▓
▓t§☼.......≈≈▓
▓§§§.P....≈≈≈▓
▓≈≈§≈≈..≈≈≈≈≈▓
▓≈§§≈~≈≈~≈≈≈≈▓
▓≈≈≈~≈≈≈≈~≈≈≈▓
▓≈≈~≈≈≈≈≈≈~≈≈▓
▓≈~≈≈≈≈≈≈≈≈~≈▓


You could see an alligator snapping turtle.

Vanquished Creatures
  A kraken (D)
  2 hydras (D)
  Erolcha (D)
  2 alligator snapping turtles (D)
  Urug (D)
  A deep elf knight (D)
  A death drake (D)
  A spriggan druid (D)
  A lindwurm (D)
  An orc knight (D)
  3 deep elf zephyrmancers (D)
  2 deep elf pyromancers (D)
  2 orc sorcerers (D)
  2 cane toads (D)
  A komodo dragon (D)
  A rime drake (D)
  A queen bee (D)
  3 wandering mushrooms (D)
  2 tyrant leeches (D)
  3 snapping turtles (D)
  2 spriggans (D)
  A shadow (D)
  5 redbacks (D)
  A spatial vortex (D)
  2 orc warriors (D)
  A swamp drake (D)
  A black mamba simulacrum (D)
  5 two-headed ogres (D)
  A necrophage (D)
  A water elemental (D)
  32 killer bees (D)
  An electric eel (D)
  2 orc priests (D)
  A jelly (D)
  A wizard (D)
  A necromancer (D)
  An orc wizard (D)
  A polar bear simulacrum (D)
  2 wolf simulacra (D)
  3 humans (D)
  A kobold demonologist (D)
  A phantom (D)
  10 orcs (D)
  2 endoplasms (D)
  2 rats (D)
  4 tentacles (D)
117 creatures vanquished.

Vanquished Creatures (others)
  3 tentacles (D)
3 creatures vanquished.

Grand Total: 120 creatures vanquished

Notes
Turn   | Place    | Note
-------+----------+-------------------------------------------
     0 | D        | Groucho the Spriggan Hunter began the quest for the Orb.
     0 | D        | Reached XP level 1. HP: 10/10 MP: 2/2
    10 | D        | Reached skill level 3 in Dodging
   257 | D        | Reached skill level 5 in Ranged Weapons
   257 | D        | Reached skill level 4 in Dodging
   257 | D        | Reached XP level 2. HP: 16/16 MP: 3/3
   527 | D        | Noticed a water elemental
   667 | D        | Killed a water elemental
   668 | D        | Reached skill level 6 in Dodging
   668 | D        | Reached XP level 3. HP: 10/21 MP: 4/4
   668 | D        | Reached XP level 4. HP: 11/25 MP: 5/5
  1136 | D        | Found a radiant altar of Vehumet.
  1139 | D        | Found a shimmering blue altar of Sif Muna.
  1139 | D        | Noticed a wizard
  1142 | D        | Killed a wizard
  1145 | D        | Noticed a chaos spawn
  1361 | D        | Found an ancient bone altar of Kikubaaqudgha.
  1381 | D        | Found a hide-covered altar of Uskayaw.
  1381 | D        | Found an iron altar of Okawaru.
  1383 | D        | Found a bloodstained altar of Trog.
  1391 | D        | Found a shadowy altar of Dithmenos.
  1391 | D        | Noticed a necrophage
  1393 | D        | Found a basalt altar of Yredelemnul.
  1393 | D        | Found a sacrificial altar of Ru.
  1416 | D        | Reached skill level 7 in Dodging
  1416 | D        | Reached XP level 5. HP: 29/30 MP: 6/6
  1441 | D        | Reached skill level 5 in Fighting
  1441 | D        | Reached skill level 8 in Dodging
  1654 | D        | Noticed a shadow
  1660 | D        | Killed a shadow
  1661 | D        | Reached skill level 10 in Ranged Weapons
  1661 | D        | Reached skill level 9 in Dodging
  1661 | D        | Reached XP level 6. HP: 28/36 MP: 7/7
  1668 | D        | Found a blossoming altar of Fedhas.
  1668 | D        | Found a stormy altar of Qazlal.
  1668 | D        | Found a snail-covered altar of Cheibriados.
  1668 | D        | Found a burning altar of Makhleb.
  1668 | D        | Found a shimmering altar of Xom.
  1669 | D        | Found a hazy altar of Hepliaklqana.
  1669 | D        | Found an opulent altar of Gozag.
  1669 | D        | Found a sparkling altar of Nemelex Xobeh.
  1669 | D        | Found a corrupted altar of Lugonu.
  1669 | D        | Found a viscous altar of Jiyva.
  1669 | D        | Noticed a spatial vortex
  1672 | D        | Became a worshipper of Qazlal Stormbringer
  1700 | D        | Killed a spatial vortex
  1701 | D        | Reached skill level 10 in Dodging
  1701 | D        | Reached XP level 7. HP: 41/41 MP: 8/8
  1742 | D        | Found an ornate altar of the Wu Jian Council.
  1742 | D        | Noticed a human
  1743 | D        | Noticed a human
  1796 | D        | Killed a human
  1828 | D        | Killed a human
  1828 | D        | Reached * piety under Qazlal
  1829 | D        | Reached skill level 11 in Dodging
  1843 | D        | Found a glowing silver altar of Zin.
  1845 | D        | Found a glowing golden altar of the Shining One.
  1845 | D        | Found a white marble altar of Elyvilon.
  1846 | D        | Noticed a deep elf pyromancer
  1847 | D        | Noticed a fire elemental
  1847 | D        | Noticed a fire elemental
  1848 | D        | Noticed a fire elemental
  2218 | D        | Killed a deep elf pyromancer
  2219 | D        | Reached XP level 8. HP: 46/46 MP: 11/13
  2476 | D        | Reached ** piety under Qazlal
  2477 | D        | Reached skill level 12 in Dodging
  2773 | D        | Noticed a two-headed ogre
  2819 | D        | Killed a two-headed ogre
  3054 | D        | Noticed an orc sorcerer
  3057 | D        | Noticed an orc knight
  3057 | D        | Reached *** piety under Qazlal
  3057 | D        | Killed an orc sorcerer
  3058 | D        | Reached skill level 13 in Dodging
  3058 | D        | Reached XP level 9. HP: 52/52 MP: 9/16
  3063 | D        | Reached **** piety under Qazlal
  3099 | D        | Killed an orc knight
  3100 | D        | Reached skill level 10 in Invocations
  3207 | D        | Found Maikaup's Magic Scroll Shop.
  3207 | D        | Noticed an orc sorcerer
  3211 | D        | Killed an orc sorcerer
  3212 | D        | Reached skill level 14 in Dodging
  3451 | D        | Bought a scroll of brand weapon for 95 gold pieces
  3451 | D        | Bought a scroll of enchant weapon for 75 gold pieces
  3455 | D        | Noticed a deep elf zephyrmancer
  3455 | D        | Noticed a deep elf zephyrmancer
  3455 | D        | Noticed a deep elf zephyrmancer
  3455 | D        | Noticed a deep elf knight
  3455 | D        | Noticed a deep elf pyromancer
  3469 | D        | Killed a deep elf pyromancer
  3484 | D        | Killed a deep elf zephyrmancer
  3485 | D        | Reached XP level 10. HP: 58/58 MP: 8/19
  3486 | D        | Killed a deep elf knight
  3486 | D        | Killed a deep elf zephyrmancer
  3487 | D        | Reached skill level 10 in Fighting
  3487 | D        | Reached skill level 15 in Dodging
  3697 | D        | Killed a deep elf zephyrmancer
  3899 | D        | Noticed Erolcha
  3905 | D        | Killed Erolcha
  4089 | D        | Reached ***** piety under Qazlal
  4409 | D        | Reached ****** piety under Qazlal
  4410 | D        | Reached skill level 16 in Dodging
  4415 | D        | Reached skill level 15 in Ranged Weapons
  4415 | D        | Reached XP level 11. HP: 64/64 MP: 5/22
  4756 | D        | Reached skill level 15 in Invocations
  4940 | D        | Reached skill level 17 in Dodging
  5254 | D        | Noticed a lindwurm
  5260 | D        | Killed a lindwurm
  5817 | D        | Noticed Urug
  5833 | D        | Killed Urug
  5948 | D        | Noticed a six-headed hydra
  5975 | D        | Killed a six-headed hydra
  5989 | D        | Noticed a five-headed hydra
  5989 | D        | Noticed a death drake
  5993 | D        | Killed a five-headed hydra
  5998 | D        | Killed a death drake
  6297 | D        | Found a blossoming altar of Fedhas.
  6297 | D        | Noticed a spriggan druid
  6301 | D        | Killed a spriggan druid
  6302 | D        | Reached skill level 18 in Dodging
  6647 | D        | Found the +27 heavy crossbow "Sniper" {heavy, Acc+∞ SInv}
  6711 | D        | Noticed a kraken
  6748 | D        | Killed a kraken
  6749 | D        | Reached XP level 12. HP: 68/72 MP: 25/25
  6874 | D        | Noticed an alligator snapping turtle
  6874 | D        | Noticed an alligator snapping turtle
  6883 | D        | Noticed an alligator snapping turtle
  6889 | D        | Killed an alligator snapping turtle
  6889 | D        | Killed an alligator snapping turtle
  6889 | D        | Slain by an alligator snapping turtle

Illustrated notes

Levels and vault maps discovered:
D:        dungeon_sprint_mu [sprint_mu_entry_cave, sprint_mu_temple_rooms,
          sprint_mu_d1_spiders, sprint_mu_d2_genie, sprint_mu_d3_branching,
          sprint_mu_orc_legion, sprint_mu_elf_gauntlet, sprint_mu_hive_nellie,
          sprint_mu_lair_fedhas, sprint_mu_vaults_butterflies,
          sprint_mu_slime_circle, sprint_mu_swamp_cave, sprint_mu_shoals_kraken,
          sprint_mu_blade_basic, sprint_mu_crypt_fortress,
          sprint_mu_tomb_spiral, sprint_mu_vestibule_basic,
          sprint_mu_gehenna_hellfire, sprint_mu_dis_giant,
          sprint_mu_tartarus_statrot, sprint_mu_cocytus_islands, sprint_mu_zot1]

Skill      XL: |  1  2  3  4  5  6  7  8  9 10 11 |
---------------+----------------------------------+-----
Dodging        | 4 6 7 9 10 11 13 14 16 18 | 18.5
Fighting       | 2 3 4 6 7 8 9 10 12 | 12.4
Ranged Weapons | 5 7 8 10 11 12 13 15 16 | 16.5
Invocations    | 6 9 11 14 17 | 17.3
Stealth        | |  1.5

Action                     |  1- 3 |  4- 6 |  7- 9 | 10-12 || total
---------------------------+-------+-------+-------+-------++-------
   Fire: Shortbow          |    37 |    33 |    69 |   227 ||   366
 Invoke: Upheaval          |       |       |    11 |    23 ||    34
         Disaster Area     |       |       |       |     2 ||     2
  Evoke: Wand              |       |       |       |     1 ||     1
    Use: Scroll            |       |     2 |     2 |       ||     4
         Potion            |       |     1 |       |     1 ||     2
 Armour: Robe              |       |     2 |     1 |     3 ||     6
  Dodge: Dodged            |     6 |    25 |    15 |   124 ||   170
         Repelled          |       |       |       |     1 ||     1
  Block: Other             |       |       |     1 |    38 ||    39
